Map: Tours du crépuscule

Players

zidar - Winner!

  • Race: Zerg Zerg
  • League: Silver
  • Spawn Location: 1:00

Løkken

  • Race: Zerg Zerg
  • League: Silver
  • Spawn Location: 7:00

VOD

Have the link to the VOD?

Description

Time

  • Played on: Jan. 18, 2016, 1:04 p.m.
  • Length: 8:22
Show
View Real Time Build Order
Export as new Build Order

zidar Zerg - Winner!

Build Orders: Pool First 

Get SALT Encoding   

  12  0:02  Drone  
  13  0:12  Overlord  
  13  0:17  Drone  
  14  0:30  Drone x2  
  16  0:42  Spawning Pool  
  16  0:46  Drone  
  16  0:50  Drone  
  17  1:15  Hatchery  
  17  1:17  Drone  
  17  1:21  Extractor  
  16  1:36  Spine Crawler  
  15  1:40  Queen  
  16  1:50  Drone x3  
  19  2:07  Zergling x2  
  20  2:14  Baneling Nest  
  20  2:15  Zergling x2  
  20  2:19  Queen  
  22  2:38  Queen  
  24  2:56  Extractor  
  23  3:25  Lair  
  23  3:31  Overlord  
  23  3:32  Overlord  
  23  3:53  Drone x5  
  23  3:54  Drone x4  
  32  4:01  Extractor  
  31  4:05  Extractor  
  31  4:08  Drone  
  31  4:09  Drone  
  32  4:32  Drone x4  
  36  4:48  Spire  
  36  4:49  Baneling  
  36  4:50  Baneling  
  35  5:01  Overlord  
  35  5:02  Overlord  
  35  5:09  Drone  
  36  5:57  Overlord  
  36  6:01  Mutalisk  
  36  6:02  Mutalisk x3  
  44  6:07  Overlord  
  32  6:34  Mutalisk x6  
  32  6:35  Mutalisk  
  37  7:04  Mutalisk x3  
  43  7:12  Drone  
  43  7:14  Drone  
  45  7:52  Mutalisk x2  
  45  7:53  Mutalisk  
Show
View Real Time Build Order
Export as new Build Order

Løkken Zerg 

Build Orders: Pool First 

Get SALT Encoding   

  12  0:01  Drone  
  13  0:08  Drone  
  14  0:17  Overlord  
  14  0:35  Drone  
  14  0:40  Spawning Pool  
  14  0:41  Drone  
  15  0:45  Drone  
  16  0:52  Drone  
  16  0:53  Extractor  
  16  0:57  Drone  
  17  1:08  Drone  
  18  1:22  Drone  
  19  1:29  Queen  
  21  1:43  Drone  
  22  1:47  Overlord  
  22  1:50  Hatchery  
  21  2:04  Roach Warren  
  21  2:06  Extractor, Drone  
  20  2:17  Queen  
  20  2:20  Drone  
  23  2:25  Drone  
  24  2:35  Drone x2  
  26  3:21  Drone  
  26  3:22  Drone x5  
  26  3:23  Drone x2  
  26  3:24  Drone  
  35  3:51  Overlord  
  35  3:52  Overlord  
  35  3:53  Overlord  
  35  4:04  Evolution Chamber, Drone  
  35  4:05  Drone  
  35  4:06  Evolution Chamber  
  35  4:35  Zerg Missile Weapons Level 1  
  35  4:36  Zerg Ground Armor Level 1  
  35  4:38  Roach x9  
  53  4:52  Lair  
  53  4:59  Drone x3  
  56  5:11  Ravager  
  56  5:12  Ravager x3  
  60  5:20  Overlord  
  60  5:21  Overlord x3  
  60  5:53  Drone x7  
  60  5:56  Roach x3  
  70  6:44  Hydralisk Den  
  50  7:14  Extractor  
  49  7:18  Extractor  
  48  7:30  Hydralisk x3  
  48  7:31  Hydralisk  
  47  7:46  Hydralisk  
  47  7:47  Hydralisk  
Tags
 
Add a new tag
Caveats
  • Supply blocks, unpowered buildings, or Contaminate may cause inaccurate times.
  • Supply counts are checked every 10 seconds.